 Dungeon Crawl Stone Soup version 0.29-a0-1016-g236c7fd91e (webtiles) character file.

Game seed: 6062620787741517399

10990 componib the Reanimator (level 11, -3/70 HPs)
             Began as a Demonspawn Necromancer on Aug 10, 2022.
             Was an Initiate of Yredelemnul.
             Slain by a merfolk
             ... wielding a +0 trident
             ... led by a merfolk aquamancer
              (13 damage)
             ... on level 1 of the Shoals.
             The game lasted 01:13:58 (11266 turns).

componib the Reanimator (Demonspawn Necromancer)   Turns: 11266, Time: 01:13:59

Health: -3/70      AC: 23    Str:  8    XL:     11   Next: 43%
Magic:  23/23      EV: 16    Int: 35    God:    Yredelemnul [......]
Gold:   575        SH:  4    Dex: 17    Spells: 14/27 levels left

rFire   . . .      SeeInvis .   p - +8 rapier of Action {pain, Int+4 Dex+5}
rCold   . . .      Faith    .   d - +0 buckler
rNeg    . . .      Spirit   .   t - +1 ring mail {rPois}
rPois   +          Reflect  .   h - +2 hat
rElec   .          Harm     .   (cloak unavailable)
rCorr   .          Rampage  .   (no gloves)
Will    +....                   y - +0 pair of boots
Stlth   +.........              C - amulet of the acrobat
HPRegen 0.21/turn               J - +6 ring of intelligence
MPRegen 0.18/turn               u - +4 ring of protection

@: agile, sanguine armoured, very slow
A: powered by pain 1, torment resistance 1, sanguine armour 2, demonic magic 1,
demonic willpower, weakness stinger 3, clever 1, frail 1
a: Renounce Religion, Recall Undead Harvest


You were on level 1 of the Shoals.
You worshipped Yredelemnul.
Yredelemnul was noncommittal.
You visited 3 branches of the dungeon, and saw 11 of its levels.

You collected 575 gold pieces.

Inventory:

Hand Weapons
 a - a +4 trident
 c - a +3 morningstar
 f - a +4 hand axe
 n - a +1 dagger of flaming
 p - the +8 rapier of Action (weapon) {pain, Int+4 Dex+5}
   (You found it on level 2 of the Dungeon)

   In the hands of one skilled in necromantic magic, it inflicts extra damage on
   living creatures.
   Int:       It affects your intelligence (+4).
   Dex:       It affects your dexterity (+5).
 s - a +2 vorpal sling
 v - a +2 dagger of venom
Missiles
 L - a throwing net
Armour
 d - a +0 buckler (worn)
 h - a +2 hat (worn)
 t - a +1 ring mail of poison resistance (worn)
 y - a +0 pair of boots (worn)
Magical Staves
 z - a staff of poison
Jewellery
 q - a +6 ring of strength
 u - a +4 ring of protection (right hand)
 w - a ring of see invisible
 C - an amulet of the acrobat (around neck)
 J - a +6 ring of intelligence (left hand)
Wands
 i - a wand of acid (8)
 B - a wand of polymorph (7)
 G - a wand of paralysis (11)
 H - a wand of digging (3)
 I - a wand of roots (13)
Scrolls
 g - 2 scrolls of teleportation
 k - a scroll of immolation
 l - 2 scrolls of vulnerability
 m - 3 scrolls of enchant weapon
 r - a scroll of noise {unknown}
 x - a scroll of amnesia
 A - a scroll of blinking
 O - a scroll of torment
Potions
 b - a potion of resistance
 e - a potion of invisibility {unknown}
 j - 3 potions of magic
 o - 2 potions of berserk rage
 D - a potion of brilliance
 E - a potion of attraction


   Skills:
 + Level 4.9 Fighting
 + Level 6.9 Short Blades
 + Level 5.6 Armour
 + Level 4.4 Dodging
 + Level 4.2 Stealth
 + Level 1.3 Shields
 + Level 8.8 Spellcasting
 + Level 10.9 Necromancy
 + Level 0.1 Evocations


You had 14 spell levels left.
You knew the following spells:

 Your Spells              Type           Power      Damage    Failure   Level
a - Necrotise             Necr           100%       1d9       1%          1
b - Vampiric Draining     Necr           75%        2d11      1%          3
c - Animate Dead          Necr           75%        N/A       1%          4
d - Agony                 Necr           75%        N/A       3%          5

Your spell library contained the following spells:

 Spells                   Type           Power      Damage    Failure   Level
 Anguish                  Hex/Necr       26%        N/A       11%         4
 Frozen Ramparts          Ice            30%        1d5       30%         3
 Gell's Gravitas          Tloc           15%        N/A       30%         3
 Lesser Beckoning         Tloc           15%        N/A       30%         3
 Teleport Other           Tloc           15%        N/A       30%         3
 Ice Form                 Ice/Tmut       15%        N/A       71%         4
 Summon Ice Beast         Ice/Summ       15%        N/A       71%         4


Dungeon Overview and Level Annotations

Branches:
Dungeon (8/15)             Temple (0/1) D:6            Lair (2/5) D:8
 Shoals (1/4) Lair:2
  Snake: Lair:2-3    Spider: Lair:2-3

Altars:
Ashenzari
Fedhas
Kikubaaqudgha
Uskayaw
Wu Jian
Yredelemnul


Innate Abilities, Weirdness & Mutations

You sometimes gain a little power by taking damage.
You are resistant to unholy torment.
When seriously injured, your blood forms thick armour. (AC +9)
Spells you cast may paralyse adjacent enemies.
You punish those that try to bend your will. (Will+)
You have a sharp stinger which inflicts weakening toxins.
Your mind is acute. (Int +4, Str/Dex -1)
You are frail. (-10% HP)


Message History

The merfolk aquamancer hits you with a +0 rapier!
Your blood congeals into armour.
Your unstable footing causes you to fumble your attack.
The water elemental closely misses you.
A snapping turtle comes into view.
You block the merfolk aquamancer's attack.
Your unstable footing causes you to fumble your attack.
You block the water elemental's attack.
The merfolk hits you but does no damage.
The merfolk aquamancer misses you. You block the water elemental's attack.
Your unstable footing causes you to fumble your attack.
The water elemental hits you.
The water elemental engulfs you in water!
The merfolk hits you but does no damage.
Your unstable footing causes you to fumble your attack.
Your lungs strain for air!
The water elemental hits you.
The merfolk aquamancer casts a spell at you.
The ball of steam hits you!!
* * * LOW HITPOINT WARNING * * *
You focus on the pain.
You feel agile all of a sudden. The water elemental hits you.
* * * LOW HITPOINT WARNING * * *
The water elemental hits you. The merfolk closely misses you.
You slip free of the water engulfing you.
The water elemental attacks as you move away!
The water elemental hits you.
You gasp with relief as air once again reaches your lungs.
The merfolk aquamancer closely misses you.
The water elemental is engulfed in a cloud of scalding steam.
The water elemental completely misses you.
The water elemental is engulfed in a cloud of scalding steam.
You block the water elemental's attack.
The merfolk aquamancer completely misses you.
You feel better. The water elemental hits you!
* * * LOW HITPOINT WARNING * * *
The merfolk hits you from afar with a +0 trident!
You die...
Your body rises from the dead as a mindless zombie.

~~~..~..##..~~~~~~≈≈
~~.........~~~~~~~~≈
.........~~~~...~~≈
#.§§....~~~~~~~~≈≈ .
#.~.##..~~~~~~~≈≈≈
..###)§§§#..~~~~~~~~≈≈
~~.....§.t...~<~~~~~≈≈
~~~~...E..~~~~~~~~~~≈≈
..~~~.mE@...~~~~~~~~≈≈
.....$§mE...~~~~~~~~≈≈
~.......##..~~~~~≈≈≈≈≈
~...##..###..~~~~≈≈≈≈≈
~?.# ##.# ...~~~≈≈≈≈≈≈
... ##....~~~~≈≈≈≈≈≈
.. # .~~~~~≈ ~~~


You could see a merfolk aquamancer, a snapping turtle, a merfolk and 3 water
elementals.

Vanquished Creatures
  A boulder beetle (D:8)
  The ghost of freelancePsychic the Magician, a novice DjAr (D:6)
  3 centaur zombies (D:8)
  Maggie (D:7)
  An unseen horror zombie (D:8)
  A centaur skeleton (D:8)
  A cane toad (Lair:1)
  A komodo dragon (Lair:1)
  A hellwing (D:8)
  Prince Ribbit (D:6)
  Grum (D:8)
  7 yaks (Lair:1)
  A steam dragon (D:8)
  Menkaure (D:7)
  A water moccasin (Lair:1)
  Edmund (D:4)
  2 ice beasts
  4 orc warriors
  A black bear (D:6)
  2 ogres
  3 wolves (D:8)
  4 centaurs
  2 phantoms
  Blork the orc (D:6)
  2 necrophages
  A wyvern zombie (D:8)
  5 scorpions
  9 bullfrogs
  5 wights (D:8)
  4 jellies (D:4)
  8 killer bees
  A howler monkey (D:8)
  2 gnoll boudas (D:7)
  2 hounds (D:5)
  A human zombie (D:8)
  3 orc priests
  An iguana (D:6)
  7 orc wizards
  A killer bee zombie (D:8)
  4 mummies (D:8)
  15 gnolls
  10 adders
  4 shadow imps
  A white imp (D:6)
  3 ufetubi
  A worm (D:5)
  2 dart slugs
  20 orcs
  2 bats
  10 endoplasms
  4 giant cockroaches
  13 goblins
  10 hobgoblins
  7 jackals (D:4)
  4 quokkas
  5 ball pythons
  2 frilled lizards
  8 kobolds
  6 rats
226 creatures vanquished.

Vanquished Creatures (collateral kills)
  A black mamba (Lair:1)
  A centaur zombie (D:8)
  A rime drake (Lair:1)
  A komodo dragon (Lair:1)
  5 yaks (Lair:1)
  A black bear (D:8)
  A centaur (Lair:2)
  A wight (D:8)
  A killer bee (D:8)
  A bat (D:2)
  A goblin (D:2)
  A hobgoblin (D:2)
  A jackal (D:4)
  A frilled lizard (D:1)
  A rat (D:2)
19 creatures vanquished.

Vanquished Creatures (others)
  An unseen horror (D:8)
  A hornet (D:7)
  A yak (D:7)
  A black mamba zombie (Lair:1)
  A basilisk (D:8)
  A cane toad zombie (Lair:1)
  2 orc warriors (D:8)
  A water moccasin zombie (Lair:1)
  2 yak zombies (Lair:1)
  A black bear zombie (D:8)
  5 killer bee zombies (D:8)
  4 orc zombies (D:8)
  2 spectral shadow imps (D:8)
  An endoplasm (D:8)
  A rat (D:6)
  26 fungi
  40 plants
  14 withered plants (D:8)
105 creatures vanquished.

Grand Total: 350 creatures vanquished

Notes
Turn   | Place    | Note
-------+----------+-------------------------------------------
     0 | D:1      | componib the Demonspawn Necromancer began the quest for the
                  | Orb.
     0 | D:1      | Reached XP level 1. HP: 13/13 MP: 3/3
   339 | D:1      | Gained mutation: You sometimes gain a little power by
                  | taking damage. [demonic ancestry]
   339 | D:1      | Reached XP level 2. HP: 18/19 MP: 0/5
  1078 | D:1      | Reached skill level 5 in Necromancy
  1078 | D:1      | Gained mutation: You have a small tail. [demonic ancestry]
  1078 | D:1      | Reached XP level 3. HP: 24/24 MP: 4/6
  1243 | D:1      | Learned a level 3 spell: Vampiric Draining
  1790 | D:2      | Found a hide-covered altar of Uskayaw.
  1972 | D:2      | Reached skill level 1 in Short Blades
  1981 | D:2      | Gained mutation: When seriously injured, your blood forms
                  | armour. (AC +9) [demonic ancestry]
  1981 | D:2      | Reached XP level 4. HP: 28/30 MP: 6/8
  2094 | D:2      | Found a faded altar of an unknown god.
  2140 | D:2      | Identified the +8 rapier of Action {pain, Int+4 Dex+5}
  2486 | D:3      | Gained mutation: When seriously injured, your blood forms
                  | thick armour. (AC +9) [demonic ancestry]
  2486 | D:3      | Reached XP level 5. HP: 13/35 MP: 3/9
  3230 | D:3      | Gained mutation: You are frail. (-10% HP) [potion of
                  | mutation]
  3230 | D:3      | Gained mutation: Your mind is acute. (Int +4, Str/Dex -1)
                  | [potion of mutation]
  3304 | D:4      | Learned a level 4 spell: Animate Dead
  3381 | D:4      | Noticed Edmund
  3398 | D:4      | Killed Edmund
  3399 | D:4      | Reached skill level 1 in Armour
  3399 | D:4      | Reached skill level 6 in Necromancy
  3399 | D:4      | Gained mutation: You have a tail ending in a sharp stinger.
                  | [demonic ancestry]
  3399 | D:4      | Reached XP level 6. HP: 20/37 MP: 7/12
  3654 | D:4      | Reached XP level 7. HP: 4/42 MP: 10/13
  3673 | D:4      | Reached skill level 1 in Fighting
  3893 | D:4      | Found a broken altar of Ashenzari.
  4446 | D:4      | Found an ornate altar of the Wu Jian Council.
  4446 | D:4      | Found an ancient bone altar of Kikubaaqudgha.
  4469 | D:4      | Became a worshipper of Kikubaaqudgha
  4593 | D:5      | Entered Level 5 of the Dungeon
  4624 | D:5      | Reached skill level 7 in Necromancy
  4630 | D:5      | Reached skill level 5 in Spellcasting
  5085 | D:5      | Gained mutation: You have a sharp stinger which inflicts
                  | weakening toxins. [demonic ancestry]
  5085 | D:5      | Reached XP level 8. HP: 43/48 MP: 15/15
  5593 | D:6      | Reached * piety under Kikubaaqudgha
  5593 | D:6      | Received a gift from Kikubaaqudgha
  5677 | D:6      | Noticed Prince Ribbit
  5687 | D:6      | Killed Prince Ribbit
  5688 | D:6      | Reached skill level 8 in Necromancy
  6020 | D:6      | Gained mutation: Spells you cast may paralyse adjacent
                  | enemies. [demonic ancestry]
  6020 | D:6      | Reached XP level 9. HP: 34/54 MP: 15/18
  6149 | D:6      | Found a blossoming altar of Fedhas.
  6169 | D:6      | Found a runed translucent door.
  6174 | D:6      | Noticed freelancePsychic's ghost (novice DjAr)
  6185 | D:6      | Killed freelancePsychic's ghost
  6248 | D:6      | Found a staircase to the Ecumenical Temple.
  6371 | D:6      | Noticed Blork the orc
  6382 | D:6      | Killed Blork the orc
  6467 | D:6      | Reached skill level 9 in Necromancy
  6596 | D:7      | Noticed Maggie
  6610 | D:7      | Killed Maggie
  6625 | D:7      | Noticed Menkaure
  6652 | D:7      | Killed Menkaure
  7431 | D:7      | Learned a level 5 spell: Agony
  7526 | D:7      | Reached skill level 5 in Short Blades
  7836 | D:8      | Gained mutation: You punish those that try to bend your
                  | will. (Will+) [demonic ancestry]
  7836 | D:8      | Reached XP level 10. HP: 54/61 MP: 17/21
  7873 | D:8      | Reached skill level 10 in Necromancy
  8098 | D:8      | Found a staircase to the Lair.
  8173 | D:8      | Reached skill level 5 in Armour
  8822 | D:8      | Found a basalt altar of Yredelemnul.
  8832 | D:8      | Fell from the grace of Kikubaaqudgha
  8832 | D:8      | Became a worshipper of Yredelemnul the Dark
  9437 | D:8      | Noticed Grum
  9440 | D:8      | Reached * piety under Yredelemnul
  9449 | D:8      | Killed Grum
  9449 | D:8      | Reached ** piety under Yredelemnul
  9455 | D:8      | Reached skill level 1 in Shields
  9475 | Lair:1   | Entered Level 1 of the Lair of Beasts
  9485 | Lair:1   | Gained mutation: You are resistant to unholy torment.
                  | [demonic ancestry]
  9485 | Lair:1   | Reached XP level 11. HP: 41/70 MP: 19/23
 10000 | Lair:1   | Reached *** piety under Yredelemnul
 10066 | Lair:1   | Reached **** piety under Yredelemnul
 10374 | Lair:1   | Reached ***** piety under Yredelemnul
 11191 | Lair:2   | Found a staircase to the Shoals.
 11249 | Shoals:1 | Entered Level 1 of the Shoals
 11257 | Shoals:1 | Noticed a merfolk aquamancer
 11266 | Shoals:1 | Slain by a merfolk

Illustrated notes

Levels and vault maps discovered:
D:1:      lemuel_arrival_muddy, layout_basic
D:2:      kennysheep_six_static_rooms, layout_rooms,
          shapermc_ecumenical_altar_totnotflames, basic_altar,
          chequers_serial_rivers_small_a
D:3:      layout_basic
D:4:      layout_basic, chequers_temple_overflow_statue_of_worship,
          mainiacjoe_overflow_24_doors, kennysheep_nondescript, uniq_edmund
D:5:      layout_loops_ring, dreamdust_princess_bridge
D:6:      layout_loops_cross, overflow_temple_1_default, temple_doors_ab,
          gammafunk_ghost_grave, kennysheep_nub, uniq_prince_ribbit1,
          uniq_blork_the_orc
D:7:      layout_basic, zin_scriptorium, uniq_menkaure, uniq_maggie
D:8:      cheibrodos_grave_circle, layout_loops_ring,
          lemuel_mausoleum_altar_yredelemnul, overflow_temple_1_default,
          grunt_lair_entry_orc_guard_hut, uniq_grum
Lair:1:   layout_layer_cave, grunt_megastairs_1, serial_bayou_shore_b
Lair:2:   layout_roguey, minmay_shoals_entry_centaurs,
          spider_nest_entry_web_field
Shoals:1: layout_shoals

Skill      XL: |  1  2  3  4  5  6  7  8  9 10 11 |
---------------+----------------------------------+-----
Necromancy     | 5 6 7 8 9 10 | 10.9
Short Blades   | 1 2 3 5 6 |  6.9
Spellcasting   | 3 4 5 6 7 8 |  8.8
Dodging        | 2 3 4 |  4.4
Armour         | 1 2 3 4 5 |  5.6
Stealth        | 2 3 4 |  4.2
Fighting       | 1 2 4 |  4.9
Shields        | 1 |  1.3
Evocations     | |  0.1

Action                   |  1- 3 |  4- 6 |  7- 9 | 10-12 || total
-------------------------+-------+-------+-------+-------++-------
Melee: Unarmed           |    32 |       |       |       ||    32
       Dagger            |    76 |     2 |       |       ||    78
       Tailslap          |     4 |     4 |    21 |    56 ||    85
       Rapier            |       |    57 |   166 |   269 ||   492
       Punch             |       |     1 |     4 |     1 ||     6
 Cast: Necrotise         |    45 |    51 |    93 |    42 ||   231
       Vampiric Draining |     1 |       |    13 |     3 ||    17
       Animate Dead      |       |       |     5 |     3 ||     8
Invok: Unearth Wretches  |       |       |     2 |     2 ||     4
Evoke: Wand              |       |       |     3 |       ||     3
  Use: Scroll            |     2 |     5 |    12 |     6 ||    25
       Potion            |       |     3 |     4 |     3 ||    10
 Stab: Paralysed         |       |       |     4 |     5 ||     9
       Sleeping          |       |       |       |     3 ||     3
       Distracted        |       |       |       |     3 ||     3
Armor: Robe              |    14 |       |       |       ||    14
       Ring mail         |    13 |    36 |   109 |   196 ||   354
       Plate armour      |       |       |     2 |       ||     2
Dodge: Dodged            |    79 |    33 |   142 |   192 ||   446
Block: Buckler           |       |       |       |    56 ||    56

Table legend: (Time is in decaauts)
 A = Elapsed time spent in this place.
 B = Non-inter-level travel time spent in this place.
 C = Inter-level travel time spent in this place.
 D = Time resting spent in this place.
 E = Time spent auto-exploring this place.
 F = Levels seen in this place.
 G = Mean time per level.
                   A        B        C        D        E       F      G
               +--------+--------+--------+--------+--------+-----+--------+
         Total |  11267 |  11209 |     58 |   2310 |   5018 |  11 | 1024.3 |
       Dungeon |   9476 |   9418 |     58 |   2146 |   3832 |   8 | 1184.5 |
          Lair |   1772 |   1772 |      0 |    164 |   1186 |   2 |  886.0 |
        Shoals |     17 |     17 |      0 |      0 |      0 |   1 |   17.0 |
               +--------+--------+--------+--------+--------+-----+--------+

Top non-repeatable levels by time:
     D:1: 1730 daAuts
  Lair:1: 1656 daAuts
     D:8: 1651 daAuts
     D:4: 1315 daAuts
     D:7: 1227 daAuts
     D:6: 1020 daAuts
     D:5: 978 daAuts
     D:3: 843 daAuts
     D:2: 709 daAuts
  Lair:2: 116 daAuts
Shoals:1: 17 daAuts
